 Dungeon Crawl Stone Soup version 0.31-a0-870-g10ed682358 (webtiles) character file.

Game seed: 11589489284101322805

1953 Revguard the Trooper (level 9, -1/56 HPs)
             Began as a Gargoyle Fighter on Oct 12, 2023.
             Was a Follower of the Shining One.
             Slain by a wight
             ... wielding a +0 great sword
              (10 damage)
             ... on level 8 of the Dungeon.
             The game lasted 00:09:29 (4493 turns).

Revguard the Trooper (Gargoyle Fighter)             Turns: 4493, Time: 00:09:31

Health: -1/56      AC: 23    Str: 21    XL:     9   Next: 19%
Magic:  12/12      EV:  8    Int: 11    God:    the Shining One [*.....]
Gold:   280        SH: 16    Dex: 15    Spells: 8/8 levels left

rFire   . . .        y - +0 broad axe
rCold   . . .        j - +6 kite shield of the Fiend {rElec Int+3}
rNeg    + + .        k - +0 chain mail
rPois   ∞            d - +0 helmet
rElec   +            s - +1 cloak
rCorr   .            h - +2 pair of gloves {Stlth+}
SInv    .            (no boots)
Will    +....        (no amulet) Stlth
                     f - ring of positive energy
HPRegen 0.29/turn    (no ring)
MPRegen 0.13/turn

%: no passive effects
@: glowing, studying Polearms
A: sickness immunity, AC +6, negative energy resistance 1, electricity
resistance, torment resistance 1, petrification resistance, agile 1,
strong-willed 1
a: Renounce Religion, Divine Shield


You were on level 8 of the Dungeon.
You worshipped the Shining One.
The Shining One was aware of your devotion.
You visited 2 branches of the dungeon, and saw 8 of its levels.

You collected 280 gold pieces.

Inventory:

Hand Weapons
 a - a +1 war axe
 y - a +0 broad axe (weapon)
Missiles
 m - a throwing net
Armour
 d - a +0 helmet (worn)
 h - a +2 pair of gloves of stealth (worn)
 j - the +6 kite shield of the Fiend (worn) {rElec Int+3}
   (You acquired it on level 3 of the Dungeon)

   Int+3:     It affects your intelligence (+3).
   rElec:     It insulates you from electricity.
 k - a +0 chain mail (worn)
 s - a +1 cloak (worn)
Jewellery
 f - a ring of positive energy (left hand)
 q - a ring of ice
 v - a +6 ring of intelligence
Wands
 p - a wand of roots (5)
Scrolls
 e - 2 scrolls of immolation
 g - a scroll of enchant weapon
 i - a scroll of fog
 l - a scroll of teleportation
 t - a scroll of enchant armour
 u - a scroll of blinking
 z - a scroll of identify {unknown}
 A - a scroll of vulnerability {unknown}
Potions
 b - 2 potions of cancellation {unknown}
 c - a potion of curing {unknown}
 n - 2 potions of enlightenment
 o - 2 potions of heal wounds {unknown}
 r - a potion of magic {unknown}
 w - 2 potions of ambrosia
 x - a potion of berserk rage {unknown}


   Skills:
 * Level 6.8 Fighting
 * Level 5.2 Axes
 + Level 5.5 Armour
 + Level 2.9 Dodging
 + Level 5.3 Shields
 + Level 4.0 Invocations
 + Level 3.1 Evocations


You had 8 spell levels left.
You didn't know any spells.
Your spell library contained the following spells:

 Spells                   Type           Power      Damage    Failure   Level
 Wereblood                Tmut           0%         N/A       100%        2
 Call Canine Familiar     Summ           0%         N/A       100%        3
 Inner Flame              Hex/Fire       0%         N/A       100%        3
 Sigil of Binding         Hex            0%         N/A       100%        3
 Dimensional Bullseye     Hex/Tloc       0%         N/A       100%        4
 Flame Wave               Conj/Fire      0%         2d4       100%        4
 Leda's Liquefaction      Hex/Erth       0%         N/A       100%        4
 Sticky Flame             Conj/Fire      0%         2d3       100%        4
 Summon Hydra             Summ           0%         N/A       100%        7
 Sublimation of Blood     Necr           Unusable   N/A       N/A         2

Dungeon Overview and Level Annotations

Branches:
Dungeon (8/15)             Temple (1/1) D:4
   Lair: D:8-11

Altars:
Ashenzari
Cheibriados
Dithmenos
Elyvilon
Fedhas
Gozag
Hepliaklqana
Kikubaaqudgha
Makhleb
Nemelex Xobeh
Okawaru
Qazlal
Ru
Sif Muna
Trog
Uskayaw
Vehumet
Wu Jian
Xom
Yredelemnul
Zin
The Shining One

Shops:
D:1 !

Annotations:
D:8 exclusion: ice statue
Temple 2 transporters


Innate Abilities, Weirdness & Mutations

You are immune to sickness and miasma.
Your stone body is resilient. (AC +6)
You are immune to poison.
You resist negative energy. (rN+)
You are resistant to electric shocks. (rElec)
You are resistant to unholy torment.
You are immune to petrification.
You are agile. (Dex +4, Str/Int -1)
You are strong-willed. (Will+)


Message History

The wight misses you. You block the orc warrior's attack.
You block the wight's attack. The orc warrior barely misses you.
The wight hits you from afar with a +3 halberd.
You block the wight's attack. The wight barely misses you.
Your Invocations skill increases to level 4!
You barely miss the wight.
The wight is lightly damaged.
You barely miss the wight. You slash the orc warrior!
You block the orc warrior's attack. You block the wight's attack.
The wight hits you with a +2 battleaxe. The wight closely misses you.
You block the wight's attack.
Unknown command.
You hit the wight.
The wight is moderately damaged.
You slash the wight! You slash the orc warrior!
You kill the orc warrior!
You block the wight's attack. x4
The wight hits you from afar with a +3 halberd!
* * * LOW HITPOINT WARNING * * *
The wight hits you but does no damage. x2; The wight barely misses you.
You barely miss the wight.
The wight is almost destroyed.
You hit the wight. The wight closely misses you. You block the wight's attack.
The wight hits you but does no damage. You block the wight's attack.
Unknown command.
You barely miss the wight.
The wight is almost destroyed.
You hit the wight. You block the wight's attack. x2
The wight hits you with a +0 great sword.
* * * LOW HITPOINT WARNING * * *
The wight closely misses you. The wight barely misses you. x2
You block the wight's attack. The wight barely misses you.
You slash the wight!
You destroy the wight!
The Shining One accepts your kill.
You hit the wight but do no damage.
The wight hits you from afar with a +1 vampiric halberd.
* * * LOW HITPOINT WARNING * * *
The wight hits you with a +0 great sword!
You die...

~~....545 ..# #
#~5.54~5# ..# . ##.
##≈≈455≈≈###.# ..
+..##..≈≈≈≈≈..##.# ...
#.......###......## ....
.....#..#.........
.....#####...........###
......z)...#......##.###
.....z)@........#.##....
.....z)....####.#.######
...........+ ..#.#
...........# ####+#
...........#
...........#
##########.# #.#


You could see 3 wights.

Vanquished Creatures
  Sigmund (D:6)
  A yak (D:4)
  A wyvern (D:8)
  2 water moccasins
  Duvessa (D:5)
  An orc warrior (D:8)
  3 ice beasts (D:6)
  An ogre (D:6)
  A bullfrog (D:4)
  Blork the orc (D:4)
  2 scorpions
  2 wights (D:8)
  Dowan (D:5)
  A hound (D:4)
  Jessica (D:2)
  2 iguanas
  2 orc wizards
  Robin (D:2)
  6 adders
  4 gnolls (D:4)
  2 shadow imps (D:5)
  2 white imps (D:5)
  A worm (D:2)
  3 dart slugs
  16 orcs
  6 ball pythons
  3 endoplasms
  2 giant cockroaches
  13 goblins
  9 hobgoblins
  5 jackals
  6 kobolds
  3 quokkas (D:2)
  3 bats (D:2)
  2 frilled lizards (D:3)
  5 rats
116 creatures vanquished.

Notes
Turn   | Place    | Note
-------+----------+-------------------------------------------
     0 | D:1      | Revguard the Gargoyle Fighter began the quest for the Orb.
     0 | D:1      | Reached XP level 1. HP: 14/14 MP: 1/1
    94 | D:1      | Reached XP level 2. HP: 18/19 MP: 2/2
   244 | D:1      | Found Guhirism's Distillery.
   803 | D:2      | Noticed Robin
   813 | D:2      | Reached XP level 3. HP: 15/23 MP: 3/3
   814 | D:2      | Killed Robin
   817 | D:2      | Reached skill level 1 in Invocations
  1012 | D:2      | Noticed Jessica
  1026 | D:2      | Killed Jessica
  1027 | D:2      | Reached XP level 4. HP: 21/29 MP: 4/4
  1041 | D:2      | Reached skill level 1 in Evocations
  1097 | D:2      | Reached skill level 4 in Fighting
  1384 | D:3      | Gained mutation: You are agile. (Dex +4, Str/Int -1)
                  | [potion of mutation]
  1384 | D:3      | Gained mutation: You are strong-willed. (Will+) [potion of
                  | mutation]
  1391 | D:3      | Reached skill level 1 in Dodging
  1391 | D:3      | Reached XP level 5. HP: 12/33 MP: 6/6
  2149 | D:3      | Identified a scroll of acquirement
  2149 | D:3      | Acquired the +6 kite shield of the Fiend {rElec Int+3}
  2383 | D:4      | Found a staircase to the Ecumenical Temple.
  2417 | Temple   | Found a transporter.
  2417 | Temple   | Found a transporter.
  2417 | Temple   | Found a transporter.
  2417 | Temple   | Found a transporter.
  2417 | Temple   | Entered the Ecumenical Temple
  2434 | Temple   | Became a worshipper of the Shining One
  2492 | D:4      | Reached XP level 6. HP: 34/39 MP: 7/7
  2576 | D:4      | Found an iron altar of Okawaru.
  2689 | D:4      | Noticed Blork the orc
  2701 | D:4      | Killed Blork the orc
  2984 | D:4      | Noticed a yak
  2996 | D:4      | Killed a yak
  2997 | D:4      | Reached skill level 5 in Fighting
  2997 | D:4      | Reached XP level 7. HP: 17/44 MP: 8/8
  3195 | D:5      | Entered Level 5 of the Dungeon
  3531 | D:5      | Found a shimmering altar of Xom.
  3533 | D:5      | Found a snail-covered altar of Cheibriados.
  3533 | D:5      | Found a sacrificial altar of Ru.
  3535 | D:5      | Found a white marble altar of Elyvilon.
  3535 | D:5      | Found a shimmering altar of Xom.
  3535 | D:5      | Found an opulent altar of Gozag.
  3783 | D:5      | Noticed Dowan
  3790 | D:5      | Noticed Duvessa
  3798 | D:5      | Killed Duvessa
  3799 | D:5      | Reached XP level 8. HP: 50/50 MP: 10/10
  3806 | D:5      | Killed Dowan
  4185 | D:6      | Reached skill level 6 in Fighting
  4202 | D:6      | Noticed Sigmund
  4214 | D:6      | Reached skill level 5 in Armour
  4221 | D:6      | Killed Sigmund
  4222 | D:6      | Reached skill level 5 in Shields
  4257 | D:6      | Reached skill level 5 in Axes
  4257 | D:6      | Reached XP level 9. HP: 56/56 MP: 11/11
  4379 | D:6      | You fall into a shaft and drop 2 floors!
  4387 | D:8      | Noticed an ice devil
  4387 | D:8      | Noticed an ice devil
  4387 | D:8      | Noticed an ice devil
  4387 | D:8      | Noticed an ice devil
  4387 | D:8      | Reached * piety under the Shining One
  4387 | D:8      | Noticed an ice devil
  4465 | D:8      | Noticed an ice devil
  4471 | D:8      | Noticed an ice statue
  4493 | D:8      | Slain by a wight

Illustrated notes

Levels and vault maps discovered:
D:1:      lemuel_arrival_cross, layout_loops_ring, serial_shops,
          nicolae_shop_trees
D:2:      layout_basic, minmay_domino_2, uniq_robin, uniq_jessica
D:3:      layout_basic
D:4:      layout_basic, kennysheep_okawaru_gauntlet, minmay_temple_entry_glass,
          minmay_manual_mandibuliform, uniq_blork_the_orc
D:5:      wander_river, layout_loops_ring, doesnt_xom_only_xom, uniq_duvessa
D:6:      layout_gridville, lemuel_round_altar, uniq_sigmund
D:8:      cheibrodos_frozen_isle, layout_basic, uniq_maggie
Temple:   hellmonk_temple_divided_pantheon

Skill      XL: |  1  2  3  4  5  6  7  8  9 |
---------------+----------------------------+-----
Axes           | 2 3 4 5 |  5.2
Invocations    | 1 2 3 4 |  4.0
Evocations     | 1 2 3 |  3.1
Fighting       | 4 5 6 |  6.8
Dodging        | 1 2 |  2.9
Armour         | 4 5 |  5.5
Shields        | 4 5 |  5.3

Action                     |  1- 3 |  4- 6 |  7- 9 || total
---------------------------+-------+-------+-------++-------
  Melee: War axe           |    69 |   143 |   100 ||   312
         Broad axe         |       |       |    16 ||    16
  Evoke: Wand              |       |     2 |     2 ||     4
    Use: Potion            |     1 |     3 |       ||     4
         Scroll            |       |     7 |     1 ||     8
 Armour: Scale mail        |    16 |       |       ||    16
         Chain mail        |    66 |   143 |    87 ||   296
  Dodge: Dodged            |    26 |    52 |    43 ||   121
  Block: Buckler           |    18 |    24 |       ||    42
         Kite shield       |       |    70 |   126 ||   196

Table legend: (Time is in decaauts)
 A = Elapsed time spent in this place.
 B = Non-inter-level travel time spent in this place.
 C = Inter-level travel time spent in this place.
 D = Time resting spent in this place.
 E = Time spent auto-exploring this place.
 F = Levels seen in this place.
 G = Mean time per level.
                   A        B        C        D        E       F      G
               +--------+--------+--------+--------+--------+-----+--------+
         Total |   4653 |   4479 |    174 |    100 |   3272 |   8 |  581.6 |
       Dungeon |   4617 |   4443 |    174 |    100 |   3272 |   7 |  659.6 |
        Temple |     35 |     35 |      0 |      0 |      0 |   1 |   35.0 |
               +--------+--------+--------+--------+--------+-----+--------+

Top non-repeatable levels by time:
     D:4: 984 daAuts
     D:5: 930 daAuts
     D:3: 893 daAuts
     D:1: 802 daAuts
     D:2: 570 daAuts
     D:6: 316 daAuts
     D:8: 120 daAuts
  Temple: 35 daAuts
